 Dungeon Crawl Stone Soup version 0.27-a0-1147-gb3d8e82157 (webtiles) character file.

Game seed: 16473271464439612695

12 kae the Skirmisher (level 2, -1/24 HPs)
             Began as a Demonspawn Fighter on May 11, 2021.
             Succumbed to a goblin's poison
             ... on level 1 of the Dungeon.
             The game lasted 00:00:06 (351 turns).

kae the Skirmisher (Demonspawn Fighter)              Turns: 351, Time: 00:00:06

Health: -1/24      AC: 12    Str: 16    XL:     2   Next: 20%
Magic:  2/2        EV:  6    Int:  9    God:
Gold:   11         SH:  8    Dex: 12    Spells: 1/1 levels left

rFire    . . .     SeeInvis .   a - +0 long sword
rCold    . . .     Faith    .   c - +0 kite shield
rNeg     . . .     Spirit   .   b - +0 scale mail
rPois    .         Reflect  .   (no helmet)
rElec    .         Harm     .   (no cloak)
rCorr    .         Rampage  .   (no gloves)
Will     .....                  (no boots)
Stlth    ..........             (no amulet)
HPRegen  0.08/turn              (no ring)
MPRegen  0.08/turn              (no ring)

@: lethally poisoned (-1 -> -23), sanguine armoured
A: sanguine armour 1
a: no special abilities


You were on level 1 of the Dungeon.
You visited 1 branch of the dungeon, and saw 1 of its levels.

You collected 11 gold pieces.

Inventory:

Hand Weapons
 a - a +0 long sword (weapon)
Armour
 b - a +0 scale mail (worn)
 c - a +0 kite shield (worn)
Scrolls
 e - a scroll of identify {unknown}
Potions
 d - a potion of might


   Skills:
 + Level 3.2 Fighting
 * Level 2.4 Long Blades
 - Level 2.6 Armour
 - Level 2.6 Shields


You had one spell level left.
You didn't know any spells.
Your spell library was empty.

Dungeon Overview and Level Annotations

Branches:
Dungeon (1/15)

Altars:


Innate Abilities, Weirdness & Mutations

When seriously injured, your bleeding wounds create armour. (AC +6)


Message History

The giant cockroach bites you but does no damage.
The goblin shouts!
You slash the giant cockroach!
You kill the giant cockroach!
Your blood armour dries and flakes away.
You hear a bark!
You block the goblin's attack.
You hear a bark!
There are monsters nearby!
You hit the goblin.
The goblin is severely wounded.
You miss the goblin.
The goblin is severely wounded.
The goblin barely misses you.
The goblin hits you with a +2 dagger of venom.
Your blood congeals into armour.
You are poisoned.
You block the goblin's attack. The goblin barely misses you.
There are monsters nearby!
You hit the goblin.
You kill the goblin!
You feel sick. The goblin hits you but does no damage.
You are lethally poisoned!
You are too injured to fight recklessly!
There is a lethal amount of poison in your body!
You are too injured to fight recklessly!
You are too injured to fight recklessly!
There is a lethal amount of poison in your body!
You are too injured to fight recklessly!
You are too injured to fight recklessly!
You are too injured to fight recklessly!
You are too injured to fight recklessly!
You barely miss the goblin.
You feel very sick.
The goblin hits you with a +2 dagger of venom.
* * * LOW HITPOINT WARNING * * *
You are more poisoned.
The goblin closely misses you.
You closely miss the goblin.
You die...

#.########### #
#...........# .####
.#######..#.##......
..........#.@gh.....
######...#.)#......
#........#... .....
# #.###.....#.##
...# #.#.# #...#.#..
#.#
##.#.#.###...#.#.. #
........)....#.####
.#.#.#.####..#..
#.#.......#


You could see a jackal and a goblin.

Vanquished Creatures
  A giant cockroach (D:1)
  2 goblins (D:1)
  2 hobgoblins (D:1)
  3 jackals (D:1)
  A frilled lizard (D:1)
  A kobold (D:1)
10 creatures vanquished.

Notes
Turn   | Place    | Note
-------+----------+-------------------------------------------
     0 | D:1      | kae the Demonspawn Fighter began the quest for the Orb.
     0 | D:1      | Reached XP level 1. HP: 18/18 MP: 1/1
   260 | D:1      | Gained mutation: When seriously injured, your bleeding
                  | wounds create armour. (AC +6) [demonic ancestry]
   260 | D:1      | Reached XP level 2. HP: 18/24 MP: 2/2
   351 | D:1      | Succumbed to a goblin's poison

Illustrated notes

Levels and vault maps discovered:
D:1:      dpeg_arrival_rhombus, layout_basic

Skill      XL: |  1 |
---------------+----+-----
Long Blades    | 2 |  2.4
Fighting       | |  3.2
Armour         | |  2.6
Shields        | |  2.6

Action                   || total
-------------------------++-------
Melee: Long sword        ||    31
Armor: Scale mail        ||    18
Dodge: Dodged            ||    12
Block: Kite shield       ||     9
       Rpst.: Long sword ||     3

Table legend: (Time is in decaauts)
 A = Elapsed time spent in this place.
 B = Non-inter-level travel time spent in this place.
 C = Inter-level travel time spent in this place.
 D = Time resting spent in this place.
 E = Time spent auto-exploring this place.
 F = Levels seen in this place.
 G = Mean time per level.
                   A        B        C        D        E       F      G
               +--------+--------+--------+--------+--------+-----+--------+
         Total |    367 |    367 |      0 |      0 |    311 |   1 |  367.0 |
       Dungeon |    367 |    367 |      0 |      0 |    311 |   1 |  367.0 |
               +--------+--------+--------+--------+--------+-----+--------+

Top non-repeatable levels by time:
     D:1: 367 daAuts
